 Dungeon Crawl Stone Soup version bcrawl-1.23.1 (webtiles) character file.

Game seed: 14621724336017535398

16158 diana the Pandemonic (level 12, 0/94 HPs)
             Began as a Demonspawn Gladiator on May 26, 2020.
             Was a High Priest of Makhleb.
             Slain by an orc warrior
             ... wielding a +0 trident
              (15 damage)
             ... in a bailey.
             The game lasted 00:31:22 (14799 turns).

diana the Pandemonic (Demonspawn Gladiator)        Turns: 14799, Time: 00:31:22

Health: 0/94       AC: 15    Str: 21    XL:     12   Next: 7%
Magic:  21/21      EV: 15    Int: 13    God:    Makhleb [*****.]
Gold:   343        SH: 11    Dex: 19    Spells: 11/11 levels left

rFire    . . .     SeeInvis .   x - +2 long sword of Aleproxt {slice, +Fly}
rCold    . . .     Gourm    .   h - +0 buckler
rNeg     . . .     Faith    .   v - +0 chain mail
rPois    .         Spirit   .   c - +0 helmet
rElec    .         Reflect  .   y - +2 cloak "Lualit" {Str+3 Dex+2 Stlth+}
rCorr    .         Harm     .   (no gloves)
MR       .....                  (no boots)
Stlth    ..........             (no amulet)
HPRegen  0.25/turn              F - +4 ring of intelligence
MPRegen  0.17/turn              i - +4 ring of evasion

@: no status effects
A: claws 1, repulsion field 1, demonic guardian 1, foul stench 1, rot immunity
a: Minor Destruction, Lesser Servant of Makhleb, Major Destruction, Greater
Servant of Makhleb, Renounce Religion, Evoke Flight


You were in a bailey.
You worshipped Makhleb.
Makhleb was extremely pleased with you.
You were not hungry.

You visited 1 branch of the dungeon, and saw 11 of its levels.
You also visited: Bailey.

You collected 777 gold pieces.
You spent 434 gold pieces at shops.

Inventory:

Hand Weapons
 x - the +2 long sword of Aleproxt (weapon) {slice, +Fly}
   (You found it on level 5 of the Dungeon)

   It inflicts extra damage upon your enemies.
   It lets you fly.
Missiles
 d - 3 throwing nets (quivered) {!f}
Armour
 c - a +0 helmet (worn)
 h - a +0 buckler (worn)
 v - a +0 chain mail (worn)
 y - the +2 cloak "Lualit" (worn) {Str+3 Dex+2 Stlth+}
   (You bought it in a shop on level 7 of the Dungeon)

   It affects your strength (+3).
   It affects your dexterity (+2).
   It makes you more stealthy.
Jewellery
 b - an uncursed ring of magical power
 i - a +4 ring of evasion (right claw)
 F - a +4 ring of intelligence (left claw)
Wands
 f - a wand of flame (26)
 j - a wand of paralysis (9)
 q - a wand of scattershot (11)
 s - a wand of disintegration (8)
Scrolls
 g - a scroll of teleportation
 k - 2 scrolls of fog
 m - 2 scrolls of fear
 n - 4 scrolls of remove curse
 p - 2 scrolls of noise
 r - 2 scrolls of enchant armour
 w - a scroll of blinking
 A - 2 scrolls of enchant weapon
 D - 3 scrolls of amnesia
Potions
 a - 4 potions of might
 o - a potion of magic {unknown}
 t - 2 potions of lignification
 u - a potion of cancellation {unknown}
 z - 2 potions of brilliance
 B - 2 potions of resistance {unknown}
 C - 3 potions of ambrosia {unknown}
 E - 2 potions of mutation {unknown}
 G - 6 potions of curing
 H - a potion of haste {unknown}
 J - a potion of experience {unknown}
Miscellaneous
 I - a lightning rod (4/4)
Comestibles
 e - 16 rations {!d}
 l - a chunk of flesh


   Skills:
 - Level 8.6 Fighting
 - Level 10.8 Long Blades
 - Level 1.7 Throwing
 - Level 6.6 Armour
 + Level 4.2 Dodging
 - Level 4.7 Shields
 + Level 12.8 Invocations


You had 11 spell levels left.
You didn't know any spells.
Your spell library contained the following spells:

 Spells                   Type           Power        Failure   Level  Hunger
 Infusion                 Chrm           #.......     99%         1    ##.....
 Song of Slaying          Chrm           #.......     100%        2    ###....
 Ozocubu's Armour         Chrm/Ice       #.......     100%        3    ####...
 Regeneration             Chrm/Necr      #.........   100%        3    ####...
 Spectral Weapon          Hex/Chrm       #.......     100%        3    ####...


Dungeon Overview and Level Annotations

Branches:
Dungeon (11/12)            Temple (0/1) D:4            Lair (0/6) D:7
    Orc: D:8-11      Vaults: D:11-12

Altars:
Ashenzari
Dithmenos
Elyvilon
Gozag
Hepliaklqana
Lugonu
Makhleb
Nemelex Xobeh
Okawaru
Sif Muna
Uskayaw
Vehumet
Xom
Zin

Shops:
D:6 :   D:7 [   D:9 %   D:10 [


Innate Abilities, Weirdness & Mutations

You have sharp fingernails.
You are surrounded by a mild repulsion field. (EV +2)
A weak demonic guardian rushes to your aid.
You may emit foul miasma when damaged in melee.
You are immune to rotting.


Message History

Things that are here:
a +0 trident; a +0 chain mail; an orc corpse The orc knight hits your iron imp with a +0 glaive!!
Your iron imp dies!
Things that are here:
a +0 hand axe; an orc corpse Evoke which item? (* to show all) (? for menu, Esc to quit)
That's the wrong kind of item! (Use * to select it.) Evoke which item? (* to show all) (? for menu, Esc to quit)
Aiming: Throw Flame
Press: ? - help, Shift-Dir - straight line, f/p - orc warrior
Aim: an orc warrior, wielding a +0 trident and wearing a +0 ring mail (severely wounded, unusually strong) Really fire in your neqoxec's direction?
The puff of flame hits the orc warrior.
The orc warrior is severely wounded.
Your quasit barely misses the orc warrior.
Your quasit claws the orc warrior.
Your quasit misses the orc warrior.
Your neqoxec barely misses the orc knight.
The orc warrior hits you from afar with a +0 trident!
You die...

######## ####### ##### ...))..##
##.....#########....
...).)..######..))...#.....#..)..
..).))..#....#.).)...'.....'..)).
..)))...'....'..@)o5.'o3...)).)).
........#....#.))....'.....)..)).
........######.......#.....#..)..
.......## ##.....#########....
######## ####### #####


You could see an orc knight, an orc warrior, a friendly neqoxec and a friendly
quasit.

Vanquished Creatures
  A centaur warrior (D:10)
  A wolf spider zombie (D:7)
  A centaur zombie (D:9)
  Maurice (D:9)
  Joseph (D:8)
  A queen bee (D:10)
  4 trolls
  A hornet (D:9)
  2 hippogriffs
  3 slime creatures (D:10)
  17 yaks
  2 hungry ghosts
  Grum (D:8)
  5 orc warriors
  2 phantoms
  2 sky beasts
  2 ice beasts
  3 wolves (D:8)
  4 ogres
  6 centaurs
  2 bullfrogs (D:8)
  2 big kobolds
  2 scorpions
  4 wights (D:7)
  7 killer bees (D:10)
  A howler monkey (D:3)
  6 crimson imps
  3 hounds
  7 orc priests
  3 bullfrog skeletons
  3 centaur skeletons
  3 jellies
  Jessica (D:4)
  3 iguanas (D:7)
  10 orc wizards
  4 worker ants
  A hound zombie (D:5)
  A hound skeleton (D:6)
  A howler monkey skeleton (D:4)
  5 gnolls
  9 adders
  2 shadow imps
  3 adder zombies
  2 adder skeletons
  6 worms
  3 dart slugs
  8 leopard geckos
  59 orcs
  A ball python (D:2)
  6 bats
  7 giant cockroaches
  8 hobgoblins
  8 jackals
  A quokka (D:8)
  3 frilled lizards (D:1)
  6 goblins
  A jackal skeleton (D:7)
  16 kobolds
  6 rats
284 creatures vanquished.

Vanquished Creatures (collateral kills)
  A centaur warrior (D:8)
  3 orc knights
  2 ugly things
  A centaur skeleton (D:9)
  A freezing wraith (D:11)
  2 trolls
  A hippogriff (D:7)
  A hornet (D:8)
  Prince Ribbit (D:9)
  A wyvern (D:9)
  A hungry ghost (D:6)
  A water moccasin (D:5)
  7 orc warriors
  An ice beast (D:5)
  A sky beast (D:6)
  3 ogres
  3 centaurs
  2 scorpions
  6 killer bees (D:10)
  2 howler monkeys
  A crimson imp (D:4)
  A bullfrog skeleton (D:6)
  An orc priest (D:8)
  A hound zombie (D:5)
  A gnoll (D:4)
  8 orcs
  2 ball pythons
  A jackal (D:6)
  5 kobolds
62 creatures vanquished.

Vanquished Creatures (others)
  A troll (D:7)
  A big kobold (D:7)
2 creatures vanquished.

Grand Total: 348 creatures vanquished

Notes
Turn   | Place    | Note
-------+----------+-------------------------------------------
     0 | D:1      | diana the Demonspawn Gladiator began the quest for the Orb.
     0 | D:1      | Reached XP level 1. HP: 16/16 MP: 1/1
   414 | D:1      | Gained mutation: You are immune to rotting. [demonic
                  | ancestry]
   414 | D:1      | Reached XP level 2. HP: 23/23 MP: 2/2
   863 | D:1      | Gained mutation: You may emit foul miasma when damaged in
                  | melee. [demonic ancestry]
   863 | D:1      | Reached XP level 3. HP: 28/28 MP: 3/3
   926 | D:1      | Reached skill level 1 in Shields
  1268 | D:2      | Found a glowing silver altar of Zin.
  1277 | D:2      | Found a shimmering altar of Xom.
  1333 | D:2      | Found an opulent altar of Gozag.
  1604 | D:2      | Found an iron altar of Okawaru.
  1621 | D:2      | Noticed a shadow
  1622 | D:2      | Found a shadowy altar of Dithmenos.
  1623 | D:2      | Found a hazy altar of Hepliaklqana.
  1705 | D:2      | Found a sparkling altar of Nemelex Xobeh.
  1965 | D:2      | Gained mutation: A weak demonic guardian rushes to your
                  | aid. [demonic ancestry]
  1965 | D:2      | Reached XP level 4. HP: 35/35 MP: 4/4
  2116 | D:2      | Found a burning altar of Makhleb.
  2129 | D:2      | Became a worshipper of Makhleb the Destroyer
  2702 | D:3      | Reached XP level 5. HP: 39/41 MP: 5/5
  3144 | D:4      | Reached * piety under Makhleb
  3454 | D:4      | Reached XP level 6. HP: 27/48 MP: 6/6
  4182 | D:4      | Reached XP level 7. HP: 28/55 MP: 7/7
  4421 | D:4      | Found a staircase to the Ecumenical Temple.
  4899 | D:4      | Reached skill level 5 in Long Blades
  4910 | D:4      | Noticed Jessica
  4925 | D:4      | Killed Jessica
  4925 | D:4      | Reached skill level 5 in Fighting
  4931 | D:4      | Found a shimmering blue altar of Sif Muna.
  5117 | D:5      | Entered Level 5 of the Dungeon
  5363 | D:5      | Found a hide-covered altar of Uskayaw.
  5384 | D:5      | Found Cuseadix's Serpentskin Sales.
  5780 | D:5      | Found Ympolyt's Distillery.
  6000 | D:5      | Reached XP level 8. HP: 63/64 MP: 8/8
  6153 | D:5      | Got an ancient long sword
  6419 | D:5      | Found a shattered altar of Ashenzari.
  6549 | D:5      | Identified the +2 long sword of Aleproxt {slice, +Fly} (You
                  | found it on level 5 of the Dungeon)
  6578 | D:6      | Found Ustieff's Book Emporium.
  6578 | D:6      | Found a corrupted altar of Lugonu.
  6578 | D:6      | Noticed a troll
  6642 | D:6      | Reached skill level 1 in Invocations
  6669 | D:6      | Paralysed by fainting for 6 turns
  6687 | D:6      | Reached skill level 2 in Invocations
  6910 | D:6      | Reached ** piety under Makhleb
  6919 | D:6      | Reached skill level 3 in Invocations
  6938 | D:6      | Found a radiant altar of Vehumet.
  6968 | D:6      | Reached skill level 4 in Invocations
  7268 | D:6      | Noticed a troll
  7282 | D:6      | Killed a troll
  7282 | D:6      | Reached skill level 5 in Invocations
  7282 | D:6      | Gained mutation: You are surrounded by a mild repulsion
                  | field. (EV +2) [demonic ancestry]
  7282 | D:6      | Reached XP level 9. HP: 46/72 MP: 12/12
  7475 | D:6      | Killed a troll
  7871 | D:7      | Noticed a troll
  7872 | D:7      | Found a shimmering altar of Xom.
  7876 | D:7      | Killed a troll
  8012 | D:7      | Found a white marble altar of Elyvilon.
  8091 | D:7      | Reached skill level 6 in Invocations
  8323 | D:7      | Reached skill level 7 in Invocations
  8548 | D:7      | Found Mycsoryn's Armour Shoppe.
  8602 | D:7      | Reached *** piety under Makhleb
  8951 | D:7      | Found a staircase to the Lair.
  8994 | D:8      | Noticed a centaur warrior
  9056 | D:8      | Noticed a troll
  9071 | D:7      | Killed a troll
  9325 | D:7      | Reached skill level 8 in Invocations
  9331 | D:7      | Reached XP level 10. HP: 65/82 MP: 16/16
  9398 | D:8      | Reached skill level 1 in Armour
  9595 | D:8      | Noticed Joseph
  9604 | D:8      | Killed Joseph
  9627 | D:8      | Killed a centaur warrior
  9627 | D:8      | Reached skill level 9 in Invocations
  9837 | D:8      | Noticed Grum
  9852 | D:8      | Killed Grum
  9878 | D:8      | Reached skill level 10 in Invocations
 10003 | D:8      | Reached **** piety under Makhleb
 10042 | D:7      | Bought the +2 cloak "Lualit" {Str+3 Dex+2 Stlth+} for 434
                  | gold pieces
 10672 | D:9      | Gained mutation: You have sharp fingernails. [demonic
                  | ancestry]
 10672 | D:9      | Reached XP level 11. HP: 69/87 MP: 18/18
 10826 | D:9      | Reached skill level 5 in Armour
 11084 | D:9      | Noticed Prince Ribbit
 11270 | D:9      | Killed Prince Ribbit
 11270 | D:9      | Reached skill level 11 in Invocations
 11841 | D:9      | Found Keuntaxo's Food Emporium.
 11906 | D:10     | Entered Level 10 of the Dungeon
 11920 | D:10     | Reached skill level 10 in Long Blades
 11993 | D:10     | Noticed a centaur warrior
 12538 | D:10     | Found Gosurgh's Armour Shop.
 12720 | D:9      | Noticed Maurice
 12988 | D:10     | Noticed a brown ugly thing
 13042 | D:9      | Killed Maurice
 13357 | D:10     | Killed a brown ugly thing
 13357 | D:10     | Reached skill level 12 in Invocations
 13373 | D:10     | Killed a centaur warrior
 13612 | D:10     | Noticed an orc knight
 13632 | D:10     | Killed an orc knight
 14105 | D:10     | Reached ***** piety under Makhleb
 14214 | D:11     | Noticed a tengu warrior
 14214 | D:11     | Noticed a tengu warrior
 14216 | D:11     | Noticed a green ugly thing
 14228 | D:11     | Killed a green ugly thing
 14302 | D:11     | Found a flagged portal.
 14310 | Bailey   | Entered a bailey
 14761 | Bailey   | Noticed an orc knight
 14764 | Bailey   | Reached XP level 12. HP: 84/94 MP: 21/21
 14799 | Bailey   | Slain by an orc warrior

Skill      XL: |  1  2  3  4  5  6  7  8  9 10 11 12 |
---------------+-------------------------------------+-----
Long Blades    | 3 4 5 6 8 9 10 | 10.8
Shields        | 1 2 3 4 |  4.7
Fighting       | 3 4 5 7 8 |  8.6
Invocations    | 5 8 10 12 | 12.8
Armour         | 4 6 |  6.6
Dodging        | 3 4 |  4.2
Throwing       | |  1.7

Action                   |  1- 3 |  4- 6 |  7- 9 | 10-12 || total
-------------------------+-------+-------+-------+-------++-------
Melee: Long sword        |   142 |   231 |   506 |   700 ||  1579
Throw: Throwing net      |       |     1 |       |       ||     1
Invok: Lesser Servant of |       |       |       |     6 ||     6
       Major Destruction |       |       |       |     5 ||     5
       Greater Servant o |       |       |       |     1 ||     1
Evoke: Wand              |       |       |       |    13 ||    13
  Use: Potion            |       |     5 |     1 |     4 ||    10
       Scroll            |       |       |     7 |     8 ||    15
 Stab: Sleeping          |     1 |       |       |       ||     1
       Held in net/web   |       |     1 |       |       ||     1
       Distracted        |       |       |     2 |     2 ||     4
  Eat: Chunk             |     3 |     8 |    17 |    14 ||    42
       Ration            |       |       |     1 |     2 ||     3
Armor: Leather armour    |    23 |       |       |       ||    23
       Scale mail        |    28 |    80 |    71 |       ||   179
       Skin              |       |       |    18 |       ||    18
       Chain mail        |       |       |   119 |   196 ||   315
       Troll leather arm |       |       |     1 |    17 ||    18
Dodge: Dodged            |    71 |   102 |   162 |   344 ||   679
Block: Buckler           |    38 |    87 |   205 |   387 ||   717
